Map: Winter Madness LE

Players

SCIInewby - Winner!

  • Race: Protoss Protoss
  • League: Master
  • Spawn Location: 5:00

Phobos

  • Race: Terran Terran
  • League: Silver
  • Spawn Location: 11:00

VOD

Have the link to the VOD?

Description

Time

  • Played on: Feb. 7, 2026, 1:32 p.m.
  • Length: 6:25
Show
View Real Time Build Order
Export as new Build Order

SCIInewby Protoss - Winner!

Build Orders:  

Get SALT Encoding   

  12  0:01  Probe  
  13  0:14  Pylon  
  13  0:18  Probe  
  14  0:26  Probe  
  14  0:34  Probe  
  15  0:37  Gateway  
  16  0:44  Probe  
  17  0:56  Gateway  
  17  1:06  Pylon  
  17  1:10  Probe  
  18  1:20  Assimilator  
  18  1:22  Probe  
  19  1:31  Cybernetics Core  
  19  1:34  Forge  
  19  1:40  Pylon  
  21  1:47  Zealot  
  21  1:51  Probe  
  21  1:59  Probe  
  21  2:06  Warp Gate  
  22  2:09  Photon Cannon  
  22  2:19  Zealot, Photon Cannon  
  26  2:30  Zealot  
  26  2:44  Gateway  
  26  2:54  Shield Battery  
  26  2:58  Gateway  
  26  3:02  Protoss Ground Weapons Level 1  
  26  3:07  Stalker  
  28  3:58  Pylon, Zealot  
  28  3:59  Zealot x3  
  36  4:29  Zealot x2  
  36  4:30  Zealot  
  36  4:31  Nexus  
  42  4:48  Zealot  
  44  4:55  Stalker  
  46  5:11  Zealot  
  42  5:23  Pylon  
  42  5:25  Pylon  
  38  5:28  Stalker  
  38  5:29  Stalker x2  
  40  5:38  Stalker  
  36  5:52  Stalker  
  36  5:53  Stalker  
  36  6:03  Stalker  
  28  6:19  Stalker x2  
Show
View Real Time Build Order
Export as new Build Order

Phobos Terran 

Build Orders:  

Get SALT Encoding   

  12  0:00  SCV  
  13  0:13  Refinery  
  13  0:19  Refinery  
  13  0:22  SCV  
  14  0:33  Supply Depot  
  14  0:43  SCV  
  15  1:01  Barracks  
  15  1:06  SCV  
  16  1:18  SCV  
  17  1:30  SCV  
  18  1:43  SCV  
  19  1:49  Factory  
  19  1:55  SCV  
  20  2:07  SCV  
  21  2:19  SCV  
  22  2:31  SCV  
  22  2:36  Starport  
  23  2:47  Supply Depot  
  23  2:48  Orbital Command  
  23  3:14  Starport  
  23  3:15  Fusion Core  
  23  3:22  Supply Depot  
  23  3:30  Starport Tech Lab  
  23  3:50  Starport Tech Lab  
  23  4:03  Battlecruiser  
  29  4:12  Marine  
  30  4:29  Marine  
  16  4:47  Marine  
  10  4:54  SCV  
  9  5:06  SCV  
  13  5:18  SCV  
  13  5:31  SCV  
  8  5:43  SCV  
  9  5:55  SCV  
  7  6:07  SCV  
Tags
 
Add a new tag
Caveats
  • Supply blocks, unpowered buildings, or Contaminate may cause inaccurate times.
  • Supply counts are checked every 10 seconds.